 Dungeon Crawl Stone Soup version 0.30-a0-691-g754fce4c43 (webtiles) character file.

Game seed: 15268254335497915551

72 testman the Slasher (level 4, -1/35 HPs)
             Began as a Demonspawn Gladiator on Jan 19, 2023.
             Succumbed to a scorpion's poison
             ... on level 3 of the Dungeon.
             The game lasted 00:05:22 (1553 turns).

testman the Slasher (Demonspawn Gladiator)          Turns: 1553, Time: 00:05:22

Health: -1/35      AC:  4    Str: 12 (14) XL:     4   Next: 7%
Magic:  5/5        EV: 12    Int:  9 (11) God:
Gold:   88         SH:  0    Dex: 13 (15) Spells: 5/5 levels left

rFire   + . .      SeeInvis .    h - +0 great sword
rCold   . . .      Faith    .    (shield currently unavailable)
rNeg    . . .      Spirit   .    b - +0 leather armour
rPois   .          Reflect  .    c - +0 helmet
rElec   .          Harm     .    (no cloak)
rCorr   +          Rampage  .    (no gloves)
Will    .....                    (no boots)
Stlth   +                        (no amulet)
HPRegen 0.25/turn                l - ring of protection from fire
MPRegen 0.09/turn                p - ring of resist corrosion

@: lethally poisoned (-1 -> -17), hasted, very quick
A: demonic magic 1, weakness stinger 1
a: no special abilities


You were on level 3 of the Dungeon.
You visited 1 branch of the dungeon, and saw 3 of its levels.

You collected 88 gold pieces.

Inventory:

Hand Weapons
 a - a +0 dagger of protection
 h - a +0 great sword (weapon)
Missiles
 d - 3 throwing nets (quivered)
 e - a javelin
Armour
 b - a +0 leather armour (worn)
 c - a +0 helmet (worn)
Jewellery
 l - a ring of protection from fire (left hand)
 p - a ring of resist corrosion (right hand)
Scrolls
 f - 3 scrolls of identify {unknown}
 j - a scroll of immolation {unknown}
 k - a scroll of torment {unknown}
 o - a scroll of blinking {unknown}
 q - a scroll of teleportation {unknown}
Potions
 i - 2 potions of degeneration
 m - a potion of might {unknown}
 n - a potion of brilliance {unknown}
 r - a potion of ambrosia {unknown}


   Skills:
 + Level 3.0 Fighting
 + Level 3.4 Long Blades
 - Level 1.8 Throwing
 - Level 2.7 Dodging
 + Level 1.0 Spellcasting
 + Level 1.0 Earth Magic


You had 5 spell levels left.
You didn't know any spells.
Your spell library contained the following spells:

 Spells                   Type           Power      Damage    Failure   Level
 Sandblast                Erth           4%         2d4       30%         1
 Passwall                 Tmut/Erth      0%         N/A       50%         2
 Stone Arrow              Conj/Erth      2%         3d7       75%         3


Dungeon Overview and Level Annotations

Branches:
Dungeon (3/15)

Altars:


Innate Abilities, Weirdness & Mutations

Spells you cast may paralyse adjacent enemies.
You have a small tail.


Message History

A menacing aura infuses your magic.
You feel sick.
You feel sick.
You feel sick.
You feel sick.
You are no longer poisoned.
HP restored.
You see here an adder corpse.
A scorpion comes into view.
The scorpion stings you!
You don't know any spells.
You hit the scorpion.
The scorpion is lightly wounded.
The scorpion stings you.
You slash the scorpion!
The scorpion is severely wounded.
The scorpion stings you but does no damage.
The scorpion stings you.
You hit the scorpion.
The scorpion is almost dead.
The scorpion stings you.
You are poisoned.
The scorpion poisons you! The scorpion stings you.
You are too injured to fight recklessly!
You are too injured to fight recklessly!
You barely miss the scorpion.
The scorpion is almost dead.
You feel very sick. The scorpion stings you.
* * * LOW HITPOINT WARNING * * *
You are lethally poisoned!
The scorpion poisons you! The scorpion closely misses you.
It was a potion of degeneration.
There was something very wrong with that liquid.
You feel weakened.
You feel dopey.
You feel clumsy.
* * * LOW HITPOINT WARNING * * *
You feel very sick.
The scorpion stings you but does no damage.
It was a potion of haste.
You feel yourself speed up.
You die...

.#.#
##.#.#
#?...#
..... #...
#
#####..#.#
#...s....#
#@# #.#
#.# #.#
#####.#
#.....#
#.#####
#.# #.#


You could see a scorpion.

Vanquished Creatures
  3 adders
  A dart slug (D:1)
  2 endoplasms
  6 giant cockroaches
  2 goblins
  6 hobgoblins
  2 quokkas
  4 ball pythons
  4 bats
  4 frilled lizards
  5 kobolds
  3 rats (D:2)
42 creatures vanquished.

Vanquished Creatures (others)
  A plant (D:2)
1 creature vanquished.

Grand Total: 43 creatures vanquished

Notes
Turn   | Place    | Note
-------+----------+-------------------------------------------
     0 | D:1      | testman the Demonspawn Gladiator began the quest for the
                  | Orb.
     0 | D:1      | Reached XP level 1. HP: 16/16 MP: 1/1
   186 | D:1      | Gained mutation: You have a small tail. [demonic ancestry]
   186 | D:1      | Reached XP level 2. HP: 15/23 MP: 2/2
   836 | D:2      | Reached XP level 3. HP: 28/28 MP: 3/3
  1482 | D:3      | Reached skill level 1 in Spellcasting
  1482 | D:3      | Reached skill level 1 in Earth Magic
  1482 | D:3      | Gained mutation: Spells you cast may paralyse adjacent
                  | enemies. [demonic ancestry]
  1482 | D:3      | Reached XP level 4. HP: 29/35 MP: 5/5
  1547 | D:3      | Noticed a scorpion
  1553 | D:3      | Succumbed to a scorpion's poison

Illustrated notes

Levels and vault maps discovered:
D:1:      minmay_arrival_four_houses, layout_loops_ring, nrook_mini_vaults
D:2:      layout_loops_ring, corexii_shack, grunt_ministairs_7, feat_on_display
D:3:      layout_loops_ring, nicolae_uskayaw_dance_hall, led_sif_pool,
          minmay_misc_feat_tower

Skill      XL: |  1  2  3 |
---------------+----------+-----
Long Blades    | 3 |  3.4
Fighting       | 3 |  3.0
Spellcasting   | 1 |  1.0
Earth Magic    | 1 |  1.0
Throwing       | |  1.8
Dodging        | |  2.7

Action                   |  1- 3 |  4- 6 || total
-------------------------+-------+-------++-------
Melee: Long sword        |    32 |       ||    32
       Great sword       |    61 |     4 ||    65
       Tailslap          |     7 |       ||     7
  Use: Potion            |       |     2 ||     2
 Stab: Sleeping          |     1 |       ||     1
Armor: Leather armour    |    30 |     2 ||    32
Dodge: Dodged            |    65 |     1 ||    66

Table legend: (Time is in decaauts)
 A = Elapsed time spent in this place.
 B = Non-inter-level travel time spent in this place.
 C = Inter-level travel time spent in this place.
 D = Time resting spent in this place.
 E = Time spent auto-exploring this place.
 F = Levels seen in this place.
 G = Mean time per level.
                   A        B        C        D        E       F      G
               +--------+--------+--------+--------+--------+-----+--------+
         Total |   1594 |   1484 |    110 |      0 |   1177 |   3 |  531.3 |
       Dungeon |   1594 |   1484 |    110 |      0 |   1177 |   3 |  531.3 |
               +--------+--------+--------+--------+--------+-----+--------+

Top non-repeatable levels by time:
     D:1: 806 daAuts
     D:2: 685 daAuts
     D:3: 103 daAuts
